 Dungeon Crawl Stone Soup version 0.31.0-11-ge490571c62 (webtiles) character file.

Game seed: 10667489228627567908

29 protoss039 the Digger (level 3, -2/26 HPs)
             Began as a Demonspawn Earth Elementalist on Jan 28, 2024.
             Killed from afar by Terence (4 damage)
             ... with a puff of flame
             ... on level 2 of the Dungeon.
             The game lasted 00:02:58 (1651 turns).

protoss039 the Digger (DsEE)                        Turns: 1651, Time: 00:02:58

Health: -2/26      AC:  6    Str:  8    XL:     3   Next: 1%
Magic:  6/6        EV: 10    Int: 17    God:
Gold:   48         SH:  0    Dex: 13    Spells: 5/6 levels left

rFire   + . .        c - +0 short sword
rCold   . . .        (no shield)
rNeg    . . .        j - +0 ring mail
rPois   .            (helmet restricted)
rElec   .            (no cloak)
rCorr   .            (no gloves)
SInv    .            (no boots)
Will    .....        (no amulet)
Stlth   +            h - ring of protection from fire
HPRegen 0.24/turn    (no ring)
MPRegen 0.10/turn

%: no passive effects
@: about to teleport
A: horns 1, rugged brown scales 1
a: no special abilities


You were on level 2 of the Dungeon.
You visited 1 branch of the dungeon, and saw 2 of its levels.

You collected 48 gold pieces.

Inventory:

Hand Weapons
 c - a +0 short sword (weapon)
Armour
 a - a +0 robe
 j - a +0 ring mail (worn)
Jewellery
 h - a ring of protection from fire (left hand)
Potions
 b - a potion of magic
 d - a potion of attraction
 f - a potion of heal wounds {unknown}
 i - a potion of might {unknown}


   Skills:
 + Level 1.4 Fighting
 - Level 1.7 Dodging
 - Level 1.7 Stealth
 + Level 2.4 Spellcasting
 - Level 1.0 Conjurations
 + Level 3.1 Earth Magic


You had 5 spell levels left.
You knew the following spells:

 Your Spells              Type           Power      Damage    Failure   Level
a - Sandblast             Erth           24%        2d8       16%         1

Your spell library contained the following spells:

 Spells                   Type           Power      Damage    Failure   Level
 Sting                    Conj/Alch      12%        1d3       43%         1
 Passwall                 Erth           12%        N/A       43%         3
 Apportation              Tloc           4%         N/A       50%         1
 Necrotise                Necr           8%         1d4       50%         1
 Summon Small Mammal      Summ           8%         N/A       50%         1
 Stone Arrow              Conj/Erth      18%        3d8       58%         3
 Sublimation of Blood     Necr           2%         N/A       65%         2
 Brom's Barrelling Bould  Conj/Erth      9%         2d3       94%         4
 Petrify                  Alch/Erth      7%         N/A       96%         4
 Irradiate                Conj/Alch      1%         3d12      100%        5


Dungeon Overview and Level Annotations

Branches:
Dungeon (2/15)

Altars:

Annotations:
D:2 Terence


Innate Abilities, Weirdness & Mutations

You have a pair of small horns on your head.
You are partially covered in rugged brown scales. (AC +1, +3% HP)


Message History

You climb downwards.
Level annotation: Terence Terence hits you with a +0 short sword.
There is a stone staircase leading up here.
Press: ? - help, v - describe, . - travel
Here: Terence, wielding a +0 short sword, wearing a +0 chain mail and carrying a wand of flame The floor.
You barely miss Terence. Your headbutt misses Terence.
Terence hits you with a +0 short sword.
Unknown command.
You closely miss Terence. You headbutt Terence, but do no damage.
Terence hits you with a +0 short sword.
You hit Terence.
Terence is lightly wounded.
Terence hits you with a +0 short sword.
You hit Terence.
Terence is lightly wounded.
Terence hits you but does no damage.
You hit Terence but do no damage.
Terence is lightly wounded.
Terence misses you.
You hit Terence but do no damage.
Terence is lightly wounded.
Terence hits you with a +0 short sword.
You hit Terence.
Terence is lightly wounded.
Terence zaps a wand.
The puff of flame hits you. You resist.
* * * LOW HITPOINT WARNING * * *
As you read the scroll labelled KIGRUO FEAMAT, it crumbles to dust.
It is a scroll of identify.
d - a potion of attraction Terence zaps a wand.
The puff of flame hits you. You resist.
* * * LOW HITPOINT WARNING * * *
Unknown command.
Okay, then.
As you read the scroll labelled ETHYAHEERCHI, it crumbles to dust.
You feel strangely unstable.
It was a scroll of teleportation.
Terence zaps a wand.
The puff of flame hits you. You resist.
You die...
Terence says, "Rest in peace."

#.........##...##
#.#######.##..#.##
###............###.#
....#######.....#.##
.....######.......#
.#...........)....#
.......###........#
.......###......@.#
.#.#............@.#
##.#....)............#
#.#...###.##..#######
#.#...# #.##..# #...#
#.##>.# ...... ......#
.....## #.###. #....
.#


You could see Terence.

Vanquished Creatures
  A dart slug (D:1)
  A bat (D:1)
  3 endoplasms (D:1)
  3 giant cockroaches
  2 goblins
  3 hobgoblins (D:1)
  6 kobolds (D:1)
  A ball python (D:1)
  A frilled lizard (D:2)
  3 rats
24 creatures vanquished.

Notes
Turn   | Place    | Note
-------+----------+-------------------------------------------
     0 | D:1      | protoss039 the Demonspawn Earth Elementalist began the
                  | quest for the Orb.
     0 | D:1      | Reached XP level 1. HP: 13/13 MP: 3/3
   275 | D:1      | Gained mutation: You are partially covered in rugged brown
                  | scales. (AC +1, +3% HP) [demonic ancestry]
   275 | D:1      | Reached XP level 2. HP: 11/20 MP: 3/5
   329 | D:1      | Reached skill level 1 in Fighting
   455 | D:1      | Reached skill level 3 in Earth Magic
  1411 | D:2      | Gained mutation: You have a pair of small horns on your
                  | head. [demonic ancestry]
  1411 | D:2      | Reached XP level 3. HP: 26/26 MP: 3/6
  1500 | D:2      | Noticed Terence
  1651 | D:2      | Killed from afar by Terence

Illustrated notes

Levels and vault maps discovered:
D:1:      lemuel_arrival_tunnels, layout_basic, serial_rivers,
          chequers_serial_rivers_marsh, chequers_serial_rivers_large_a,
          chequers_serial_rivers_marsh, chequers_serial_rivers_large_b,
          chequers_serial_rivers_room_a
D:2:      layout_loops_ring, grunt_decor_arrowhead, uniq_terence, uniq_jessica

Skill      XL: |  1  2 |
---------------+-------+-----
Fighting       | 1 |  1.4
Earth Magic    | 3 |  3.1
Dodging        | |  1.7
Stealth        | |  1.7
Spellcasting   | |  2.4
Conjurations   | |  1.0

Action                     || total
---------------------------++-------
  Melee: Short sword       ||    47
         Headbutt          ||     4
         Punch             ||     1
   Cast: Sandblast         ||    34
    Use: Scroll            ||     3
 Armour: Robe              ||    16
         Ring mail         ||    27
  Dodge: Dodged            ||    27
